 Dungeon Crawl Stone Soup version 0.27-a0-1232-gc6a4cbde82 (webtiles) character file.

Game seed: 13349627404771613222

55 jasper the Magician (level 4, -6/31 HPs)
             Began as a Djinni Hedge Wizard on June 9, 2021.
             Shot with a bolt by a kobold (9 damage)
             ... on level 3 of the Dungeon.
             The game lasted 00:05:49 (2493 turns).

jasper the Magician (Djinni Hedge Wizard)           Turns: 2493, Time: 00:05:49

Health: -6/31      AC:  2    Str:  9    XL:     4   Next: 14%
Gold:   31         EV: 12    Int: 17    God:
                   SH:  0    Dex: 12

rFire    + + .     SeeInvis .   d - +3 short sword
rCold    x . .     Faith    .   (no shield)
rNeg     . . .     Spirit   .   b - +0 robe
rPois    ∞         Reflect  .   c - +0 hat
rElec    .         Harm     .   (no cloak)
rCorr    .         Rampage  .   (no gloves)
Will     .....                  (boots unavailable)
Stlth    ++........             (no amulet)
HPRegen  0.10/turn              (no ring)
MPRegen  0.00/turn              (no ring)

@: flying
A: sickness immunity, fire resistance 2, cold vulnerability 1, float, innate
caster, hp casting, extra vitality 1
a: no special abilities


You were on level 3 of the Dungeon.
You visited 1 branch of the dungeon, and saw 3 of its levels.

You collected 31 gold pieces.

Inventory:

Hand Weapons
 a - a +0 dagger
 d - a +3 short sword (weapon)
Missiles
 e - 73 stones
 f - 2 javelins
 g - 3 boomerangs
Armour
 b - a +0 robe (worn)
 c - a +0 hat (worn)
Scrolls
 j - a scroll of teleportation {unknown}
Potions
 h - a potion of invisibility
 i - a potion of ambrosia {unknown}


   Skills:
 - Level 2.1 Dodging
 - Level 1.5 Stealth
 + Level 3.7 Spellcasting


You couldn't memorise any spells.
You knew the following spells:

 Your Spells              Type           Power      Damage    Failure   Level
a - Magic Dart            Conj           60%        1d6       3%          1
b - Blink                 Tloc           N/A        N/A       5%          2
c - Call Imp              Summ           15%        N/A       5%          2
d - Slow                  Hex            15%        N/A       5%          2
e - Conjure Flame         Conj/Fire      15%        6-21      11%         3
f - Mephitic Cloud        Conj/Pois/Air  15%        N/A       11%         3
g - Sting                 Tmut/Pois      60%        1d6       3%          1
Your spell library was empty.

Dungeon Overview and Level Annotations

Branches:
Dungeon (3/15)

Altars:
Dithmenos
Fedhas

Annotations:
D:2 exclusion: endoplasm, Natasha


Innate Abilities, Weirdness & Mutations

You are immune to sickness and miasma.
You are immune to poison.
Your flesh is very heat resistant. (rF++)
You are vulnerable to cold. (rC-)
You float through the air rather than walking.
You learn spells naturally, not from books.
Your magical power is your life essence.
You have superior vitality. (+4 HP)


Message History

The orc is heavily wounded.
The orc hits your iron imp but does no damage.
Your crimson imp closely misses the orc.
You take 1 damage, and have 13/31 hp.
The orc closely misses your iron imp.
Your crimson imp blinks!
Found a scroll labelled NELIOW YMITIU.
The orc hits your iron imp with a +0 flail!
Your iron imp hits the orc.
The orc hits your iron imp but does no damage.
Your iron imp hits the frilled lizard.
The frilled lizard dies!
Something closely misses your iron imp.
Casting: Sting (safe; 3% risk of failure)
Confirm with . or Enter, or press ? or * to list all spells.
A shadowy apparition takes form in the air.
The orc looks more healthy.
Something hits your iron imp but does no damage.
Something hits your crimson imp.
You take 2 damage, and have 11/31 hp.
Your shadow imp closely misses the rat.
Something hits your iron imp.
Found a stone staircase leading down.
Your shadow imp hits the rat.
The rat dies!
You hit the orc but do no damage.
The orc is almost dead.
The orc hits you with a +0 quarterstaff!
* * * LOW HITPOINT WARNING * * *
You take 9 damage, and have 3/31 hp.
MASSIVE DAMAGE!!
Okay, then.
Found a war axe and a mace.
Found a shadowy altar of Dithmenos.
A kobold comes into view. It is wielding a +0 club.
Found 10 gold pieces.
Found a stone staircase leading down.
There is a stone staircase leading down here.
The kobold shouts!
The kobold unwields a +0 club.
The kobold wields a +2 hand crossbow of flaming.
It bursts into flame!
The kobold shoots a bolt.
The bolt hits you!
You die...

..##..................#
K...J. ................#
..... #..##..........#
.lo.# #..............#
....#####(..........._$#
..†.5##o5..†g5J........#
..<.o......###.......)#
...........###.o......##
.....#####..#...@......#
#...... #.............#
..##...# #.............#
.. #...................#
.. #..#.......?........#
.. ##..............)..##
>......K.....##
.....########


You could see an orc (ally target), an endoplasm, a hobgoblin, a kobold and a
friendly shadow imp (summoned).

Vanquished Creatures
  An adder (D:3)
  2 dart slugs (D:1)
  An orc (D:3)
  A bat (D:1)
  2 endoplasms (D:1)
  3 goblins (D:1)
  A hobgoblin (D:1)
  A quokka (D:1)
  A frilled lizard (D:1)
  2 kobolds
  3 rats
18 creatures vanquished.

Vanquished Creatures (collateral kills)
  An orc priest (D:2)
  2 orcs (D:2)
  2 giant cockroaches
  A hobgoblin (D:2)
  A frilled lizard (D:3)
  A rat (D:3)
8 creatures vanquished.

Grand Total: 26 creatures vanquished

Notes
Turn   | Place    | Note
-------+----------+-------------------------------------------
     0 | D:1      | jasper the Djinni Hedge Wizard began the quest for the Orb.
     0 | D:1      | Reached XP level 1. HP: 15/15 MP: 0/0
   621 | D:1      | Reached XP level 2. HP: 21/21 MP: 0/0
  1120 | D:1      | Reached skill level 3 in Spellcasting
  1920 | D:2      | Found a blossoming altar of Fedhas.
  1927 | D:2      | Reached XP level 3. HP: 21/25 MP: 0/0
  1927 | D:2      | Learned a level 1 spell: Sting
  2352 | D:2      | Found a faded altar of an unknown god.
  2375 | D:2      | Noticed Natasha
  2411 | D:3      | Reached XP level 4. HP: 13/31 MP: 0/0
  2491 | D:3      | Found a shadowy altar of Dithmenos.
  2493 | D:3      | Shot with a bolt by a kobold

Illustrated notes

Levels and vault maps discovered:
D:1:      saegor_arrival_simple_e, layout_basic
D:2:      layout_basic, chequers_ecumenical_altar_lobes, basic_altar,
          glass_columns_b, roderic_lattice_a, kennysheep_boxes, uniq_natasha
D:3:      layout_rooms, overflow_temple_1_default,
          nicolae_yredelemnul_ghost_church

Skill      XL: |  1  2 |
---------------+-------+-----
Spellcasting   | 3 |  3.7
Dodging        | |  2.1
Stealth        | |  1.5

Action                   |  1- 3 |  4- 6 || total
-------------------------+-------+-------++-------
Melee: Short sword       |     4 |     1 ||     5
 Cast: Magic Dart        |    42 |     2 ||    44
       Call Imp          |     6 |     3 ||     9
       Sting             |     3 |     1 ||     4
       Conjure Flame     |     1 |       ||     1
Dodge: Dodged            |     2 |       ||     2

Table legend: (Time is in decaauts)
 A = Elapsed time spent in this place.
 B = Non-inter-level travel time spent in this place.
 C = Inter-level travel time spent in this place.
 D = Time resting spent in this place.
 E = Time spent auto-exploring this place.
 F = Levels seen in this place.
 G = Mean time per level.
                   A        B        C        D        E       F      G
               +--------+--------+--------+--------+--------+-----+--------+
         Total |   2492 |   2430 |     62 |    770 |   1447 |   3 |  830.7 |
       Dungeon |   2492 |   2430 |     62 |    770 |   1447 |   3 |  830.7 |
               +--------+--------+--------+--------+--------+-----+--------+

Top non-repeatable levels by time:
     D:1: 1919 daAuts
     D:2: 484 daAuts
     D:3: 88 daAuts
